 Seeded DCSS version 0.30-a0-965-g42e074c17a (webtiles) character file.

Game seed: 20230327 (custom seed)

248 GigaChad the Chopper (level 5, 0/47 HPs)
             Began as a Minotaur Fighter on Mar 30, 2023.
             Slain by Pikel
             ... wielding a +0 whip of electrocution
              (2 damage)
             ... on level 4 of the Dungeon.
             The game lasted 00:04:08 (2483 turns).

GigaChad the Chopper (Minotaur Fighter)             Turns: 2483, Time: 00:04:09

Health: 0/47       AC: 27    Str: 23    XL:     5   Next: 86%
Magic:  4/4        EV:  8    Int:  5    God:
Gold:   140        SH:  4    Dex:  9    Spells: 4/4 levels left

rFire   . . .      SeeInvis .    a - +0 war axe
rCold   . . .      Faith    .    c - +0 buckler
rNeg    . . .      Spirit   .    v - +18 Lear's hauberk
rPois   .          Reflect  .    (helmet currently unavailable)
rElec   .          Rampage  .    (no cloak)
rCorr   .                        (gloves currently unavailable)
Will    .....                    (boots currently unavailable) Stlth
                                 (no amulet)
HPRegen 0.27/turn                (no ring)
MPRegen 0.09/turn                (no ring)

@: no status effects
A: horns 2, retaliatory headbutt
a: no special abilities


You were on level 4 of the Dungeon.
You visited 1 branch of the dungeon, and saw 4 of its levels.

You collected 140 gold pieces.

Inventory:

Hand Weapons
 a - a +0 war axe (weapon)
Armour
 b - a +0 scale mail
 c - a +0 buckler (worn)
 v - the +18 Lear's hauberk (worn)
   (You found it on level 4 of the Dungeon)
Jewellery
 g - a ring of fire
Scrolls
 e - 4 scrolls of identify {unknown}
 i - 3 scrolls of enchant armour {unknown}
 k - 2 scrolls of immolation {unknown}
 l - a scroll of fog {unknown}
 m - a scroll of magic mapping {unknown}
 n - 2 scrolls of blinking {unknown}
 r - 2 scrolls of poison {unknown}
 u - a scroll of torment {unknown}
 w - a scroll of amnesia {unknown}
Potions
 d - a potion of might
 f - 3 potions of curing {unknown}
 h - a potion of invisibility {unknown}
 j - 2 potions of degeneration {unknown}
 o - a potion of flight {unknown}
 p - 3 potions of brilliance {unknown}
 q - 2 potions of lignification {unknown}
 s - 2 potions of heal wounds {unknown}
 t - a potion of berserk rage {unknown}


   Skills:
 + Level 4.6 Fighting
 + Level 5.3 Axes
 + Level 4.8 Armour
 + Level 1.3 Dodging
 + Level 4.2 Shields


You had 4 spell levels left.
You didn't know any spells.
Your spell library contained the following spells:

 Spells                   Type           Power      Damage    Failure   Level
 Sting                    Tmut/Pois      0%         1d3       99%         1
 Poisonous Vapours        Pois/Air       0%         N/A       100%        2
 Olgreb's Toxic Radiance  Pois           0%         N/A       100%        4
 Borgnjor's Revivificati  Necr           0%         N/A       100%        8
 Necromutation            Tmut/Necr      0%         N/A       100%        8
 Death's Door             Necr           0%         N/A       100%        9


Dungeon Overview and Level Annotations

Branches:
Dungeon (4/15)
 Temple: D:4-7

Altars:
Elyvilon
Qazlal

Shops:
D:1 *=:*=

Portals:
Ossuary: D:4

Annotations:
D:4 Pikel


Innate Abilities, Weirdness & Mutations

You have a pair of horns on your head.
You reflexively headbutt those who attack you in melee.


Message History

You hit Pikel but do no damage.
Pikel is moderately wounded.
You barely miss the lemure. You hit the lemure but do no damage.
You closely miss the lemure. You block the lemure's attack.
Pikel hits you with a +0 whip of electrocution.
The lemure hits you!
* * * LOW HITPOINT WARNING * * *
The lemure hits you but does no damage.
You are too injured to fight recklessly!
Unknown command.
You are too injured to fight recklessly!
Unknown command.
You are too injured to fight recklessly!
The lemure hits you.
* * * LOW HITPOINT WARNING * * *
An orc comes into view. It is wielding a +0 hand axe.
Pikel cracks his whip.
Pikel hits you but does no damage.
You barely miss Pikel.
Pikel is lightly wounded.
You closely miss the lemure.
The orc shouts!
You hit the lemure but do no damage. x2
You hear the brisk hiss of a very distant avalanche of sand.
You hear an angry hiss.
Pikel hits you with a +0 whip of electrocution.
* * * LOW HITPOINT WARNING * * *
The lemure hits you but does no damage. x3
A ball python comes into view.
Pikel hits you but does no damage.
You are electrocuted!
* * * LOW HITPOINT WARNING * * *
The lemure hits you but does no damage. x2; The lemure completely misses you.
You furiously retaliate!
You headbutt the lemure!
Unknown command.
You slash Pikel! Your headbutt misses Pikel.
Pikel is heavily wounded.
You hit the lemure but do no damage. You hit the lemure.
You completely miss the lemure. The lemure barely misses you.
Pikel hits you with a +0 whip of electrocution.
You die...

#......#..#.#
######.#....#
#.##.######
.#########.#........
........##.#..######
#.........#
####.###[#>#.#####
###.5S####...#......
#E#@5.#E####.#######
###K5.### ..#
#....o.....# ###
#....._....#
##.........#
####...####
#E#...#E# ###...###


You could see an earth elemental, a water elemental, Pikel, a fire elemental, an
air elemental, 3 lemures, an orc and a ball python.

Vanquished Creatures
  Duvessa (D:4)
  A lemure (D:4)
  Dowan (D:4)
  A mummy (D:4)
  2 adders (D:3)
  A worm (D:2)
  A dart slug (D:1)
  3 ball pythons (D:1)
  6 bats
  4 endoplasms
  4 giant cockroaches
  9 goblins
  6 hobgoblins
  2 jackals (D:2)
  A quokka (D:1)
  3 frilled lizards
  6 kobolds
  4 rats
56 creatures vanquished.

Notes
Turn   | Place    | Note
-------+----------+-------------------------------------------
     0 | D:1      | GigaChad the Minotaur Fighter began the quest for the Orb.
     0 | D:1      | Reached XP level 1. HP: 19/19 MP: 0/0
     6 | D:1      | Found Xoclunid's Book Emporium.
    52 | D:1      | Found Wostryiz's General Store.
   132 | D:1      | Found Aqium's General Store.
   197 | D:1      | Reached XP level 2. HP: 27/27 MP: 1/1
   313 | D:1      | Found Uvvotic's Jewellery Boutique.
   588 | D:1      | Reached XP level 3. HP: 21/33 MP: 2/2
   651 | D:1      | Found a faded altar of an unknown god.
   720 | D:1      | Found Muif's Jewellery Shop.
  1028 | D:2      | Reached skill level 3 in Axes
  1247 | D:2      | Found a white marble altar of Elyvilon.
  1881 | D:3      | Reached XP level 4. HP: 39/40 MP: 3/3
  2193 | D:4      | Found the +18 Lear's hauberk
  2244 | D:4      | Found a sand-covered staircase.
  2254 | D:4      | Reached skill level 4 in Axes
  2381 | D:4      | Noticed Duvessa
  2381 | D:4      | Noticed Dowan
  2395 | D:4      | Killed Duvessa
  2396 | D:4      | Reached skill level 5 in Axes
  2396 | D:4      | Reached skill level 1 in Dodging
  2396 | D:4      | Reached XP level 5. HP: 44/47 MP: 4/4
  2408 | D:4      | Killed Dowan
  2469 | D:4      | Noticed a lemure
  2469 | D:4      | Noticed a lemure
  2470 | D:4      | Found a stormy altar of Qazlal.
  2470 | D:4      | Noticed an air elemental
  2471 | D:4      | Noticed a water elemental
  2471 | D:4      | Noticed a fire elemental
  2471 | D:4      | Noticed Pikel
  2472 | D:4      | Noticed a lemure
  2474 | D:4      | Noticed a lemure
  2478 | D:4      | Killed a lemure
  2482 | D:4      | HP: 2/47 [Pikel/+0 whip of electrocution (8)]
  2483 | D:4      | Slain by Pikel

Illustrated notes

Levels and vault maps discovered:
D:1:      doesnt_arrival_eight_statues, layout_basic, serial_shops,
          nicolae_shop_advertising_works [nicolae_subvault_shop_adworks], shop,
          nicolae_lakefront_shop, shop, shop,
          shapermc_ecumenical_altar_notcrosses
D:2:      minmay_spotlight, layout_basic, basic_altar
D:3:      layout_loops_cross, st_stairs_7
D:4:      layout_basic, nicolae_qazlal_style_of_elements,
          gup_ossuary_entry_pyramid, uniq_eustachio, uniq_natasha, uniq_pikel,
          uniq_duvessa

Skill      XL: |  1  2  3  4 |
---------------+-------------+-----
Fighting       | 4 |  4.6
Armour         | 4 |  4.8
Shields        | 4 |  4.2
Axes           | 3 5 |  5.3
Dodging        | 1 |  1.3

Action                     |  1- 3 |  4- 6 || total
---------------------------+-------+-------++-------
  Melee: War axe           |    97 |    51 ||   148
         Headbutt          |    14 |     5 ||    19
 Armour: Scale mail        |    47 |     5 ||    52
         Chain mail        |       |    46 ||    46
  Dodge: Dodged            |    46 |    19 ||    65
  Block: Buckler           |    17 |    18 ||    35

Table legend: (Time is in decaauts)
 A = Elapsed time spent in this place.
 B = Non-inter-level travel time spent in this place.
 C = Inter-level travel time spent in this place.
 D = Time resting spent in this place.
 E = Time spent auto-exploring this place.
 F = Levels seen in this place.
 G = Mean time per level.
                   A        B        C        D        E       F      G
               +--------+--------+--------+--------+--------+-----+--------+
         Total |   2536 |   2474 |     62 |      0 |   1955 |   4 |  634.0 |
       Dungeon |   2536 |   2474 |     62 |      0 |   1955 |   4 |  634.0 |
               +--------+--------+--------+--------+--------+-----+--------+

Top non-repeatable levels by time:
     D:1: 956 daAuts
     D:2: 661 daAuts
     D:3: 616 daAuts
     D:4: 302 daAuts
